 Dungeon Crawl Stone Soup version 0.31-a0-217-g58bb5d79cf (webtiles) character file.

Game seed: 17127965490286509285

126 experimilk the Conjurer (level 4, -1/33 HPs)
             Began as a Draconian Conjurer on July 2, 2023.
             Was an Initiate of Sif Muna.
             Shot with a sling bullet by an orc priest (5 damage)
             ... on level 3 of the Dungeon.
             The game lasted 00:03:47 (3593 turns).

experimilk the Conjurer (Draconian Conjurer)        Turns: 3593, Time: 00:03:48

Health: -1/33      AC:  5    Str:  9    XL:     4   Next: 84%
Magic:  0/7        EV: 12    Int: 20    God:    Sif Muna [......]
Gold:   176        SH:  5    Dex: 10    Spells: 4/7 levels left

rFire   . . .        f - +2 short sword (flame)
rCold   . . .        (no shield)
rNeg    . . .        (body armour unavailable)
rPois   .            (helmet restricted)
rElec   .            (no cloak)
rCorr   .            (no gloves)
SInv    .            (no boots)
Will    .....        g - amulet of reflection
Stlth   ++           (no ring)
HPRegen 0.25/turn    (no ring)
MPRegen 0.10/turn

%: reflection
@: no status effects
A: AC +5, unfitting armour, cold-blooded
a: Renounce Religion


You were on level 3 of the Dungeon.
You worshipped Sif Muna.
Sif Muna was noncommittal.
You visited 1 branch of the dungeon, and saw 4 of its levels.

You collected 176 gold pieces.

Inventory:

Hand Weapons
 c - a +0 short sword
 f - a +2 short sword of flaming (weapon)
Jewellery
 g - an amulet of reflection (around neck)
 p - a ring of resist corrosion
Scrolls
 e - 3 scrolls of teleportation {unknown}
 h - a scroll of enchant armour {unknown}
 i - 4 scrolls of immolation {unknown}
 l - 4 scrolls of identify {unknown}
 m - a scroll of amnesia {unknown}
 n - a scroll of noise {unknown}
Potions
 a - a potion of magic
 b - a potion of haste {unknown}
 d - a potion of attraction {unknown}
 j - a potion of mutation {unknown}
 k - a potion of invisibility {unknown}
 o - 2 potions of brilliance {unknown}
 q - a potion of berserk rage {unknown}
 r - a potion of curing {unknown}


   Skills:
 - Level 1.7 Dodging
 - Level 1.7 Stealth
 - Level 2.0 Spellcasting
 * Level 6.2 Conjurations


You had 4 spell levels left.
You knew the following spells:

 Your Spells              Type           Power      Damage    Failure   Level
a - Magic Dart            Conj           100%       1d8       1%          1
z - Searing Ray           Conj           54%        2d6       1%          2

Your spell library contained the following spells:

 Spells                   Type           Power      Damage    Failure   Level
 Dazzling Flash           Conj/Hex       28%        N/A       13%         3
 Sandblast                Erth           4%         2d4       16%         1
 Sting                    Tmut/Pois      8%         1d3       16%         1
 Poisonous Vapours        Pois/Air       4%         N/A       24%         2
 Fulminant Prism          Conj/Hex       7%         3d7       41%         4
 Iskenderun's Mystic Bla  Conj/Tloc      14%        2d5       41%         4
 Olgreb's Toxic Radiance  Pois           2%         N/A       83%         4


Dungeon Overview and Level Annotations

Branches:
Dungeon (4/15)
 Temple: D:4-7

Altars:
Kikubaaqudgha
Qazlal
Sif Muna


Innate Abilities, Weirdness & Mutations

Your plain brown scales are hard. (AC +5)
You cannot fit into any form of body armour.
You are cold-blooded and may be slowed by cold attacks.


Message History

The magic dart hits the orc priest.
The orc priest is lightly wounded.
The orc priest shoots a sling bullet.
The sling bullet hits you but does no damage.
The magic dart hits the orc priest.
The orc priest is moderately wounded.
The orc priest mumbles some strange prayers to Beogh against you.
Beogh smites you!
The magic dart hits the orc priest but does no damage.
The orc priest is moderately wounded.
The orc priest shoots a sling bullet.
The sling bullet hits you.
The magic dart hits the orc priest but does no damage.
The orc priest is moderately wounded.
The orc priest shoots a sling bullet.
The sling bullet closely misses you.
The magic dart hits the orc priest.
The orc priest is moderately wounded.
The orc priest shoots a sling bullet.
The sling bullet completely misses you.
You start resting.
An orc priest is nearby!
Casting: Magic Dart (safe; 1% risk of failure)
Confirm with . or Enter, or press ? or * to list all spells.
Aiming: Searing Ray (safe; 1% risk of failure)
Press: ? - help, Shift-Dir - straight line, f/p - orc priest
Aim: an orc priest, wielding a +0 sling and wearing a +0 ring mail (moderately wounded, 82% to hit)
The searing ray hits the orc priest.
The orc priest is heavily wounded. (Press . to maintain the ray.)
The orc priest shoots a sling bullet.
The sling bullet hits you but does no damage.
The searing ray hits the orc priest.
The orc priest is almost dead.
The orc priest shoots a sling bullet.
The sling bullet hits you but does no damage.
Without enough magic to sustain it, your searing ray dissipates.
The orc priest shoots a sling bullet.
The sling bullet hits you.
The orc priest invokes the aid of Beogh against you.
Pain shoots through your body!
* * * LOW HITPOINT WARNING * * *
The orc priest shoots a sling bullet.
The sling bullet hits you.
You die...

###############
#.............#
#)###########.#
#.# #.#
..(#o##.####
#.#
......>..o.#
#.#
.....#...#.#
#####.## .#.#
#...#@#
#......# #
#...##.#
#.######
#..#.##.# #.#
#.##.##.#
#.#.... ...
#.##.# #.##..#
...##..##.#
#.##..# ...♣...
#.# #.##..#
..♣~~.. #.#
#.##..#
#######.~.~.~~
#.# #.##..#


You could see an orc priest.

Vanquished Creatures
  6 adders
  A worm (D:2)
  2 dart slugs (D:2)
  9 orcs (D:3)
  5 ball pythons
  A bat (D:2)
  4 endoplasms
  3 giant cockroaches
  3 goblins (D:2)
  4 hobgoblins
  3 jackals (D:1)
  3 kobolds
  2 quokkas
  2 frilled lizards
  5 rats
53 creatures vanquished.

Notes
Turn   | Place    | Note
-------+----------+-------------------------------------------
     0 | D:1      | experimilk the Draconian Conjurer began the quest for the
                  | Orb.
     0 | D:1      | Reached XP level 1. HP: 14/14 MP: 3/3
   210 | D:1      | Reached XP level 2. HP: 20/20 MP: 1/5
  1133 | D:1      | Found a faded altar of an unknown god.
  1169 | D:1      | Got Plato's Guidebook on the Ground
  1345 | D:2      | Reached skill level 5 in Conjurations
  1345 | D:2      | Reached XP level 3. HP: 26/26 MP: 0/6
  2038 | D:2      | Learned a level 2 spell: Searing Ray
  2211 | D:2      | Reached XP level 4. HP: 33/33 MP: 4/7
  2456 | D:2      | You fall into a shaft and drop 2 floors!
  2672 | D:3      | Reached skill level 6 in Conjurations
  2970 | D:3      | Found an ancient bone altar of Kikubaaqudgha.
  3061 | D:3      | Found a shimmering blue altar of Sif Muna.
  3062 | D:3      | Found a stormy altar of Qazlal.
  3126 | D:3      | Became a worshipper of Sif Muna the Loreminder
  3593 | D:3      | Shot with a sling bullet by an orc priest

Illustrated notes

Levels and vault maps discovered:
D:1:      dpeg_arrival_ternary, layout_rooms,
          shapermc_ecumenical_altar_rom_forum
D:2:      layout_loops_corners
D:3:      layout_basic, kiku_gazebo_garden_becter, minitemple,
          serial_bayou_pond_b
D:4:      layout_basic, fedhas_ov_isle_minmay, uniq_ijyb

Skill      XL: |  1  2  3  4 |
---------------+-------------+-----
Conjurations   | 5 6 |  6.2
Dodging        | |  1.7
Stealth        | |  1.7
Spellcasting   | |  2.0

Action                     |  1- 3 |  4- 6 || total
---------------------------+-------+-------++-------
  Melee: Short sword       |    19 |     1 ||    20
         Tailslap          |     2 |       ||     2
         Punch             |     1 |       ||     1
   Cast: Magic Dart        |    66 |    23 ||    89
         Searing Ray       |       |    11 ||    11
    Use: Potion            |       |     1 ||     1
 Armour: Skin              |     8 |     3 ||    11
  Dodge: Dodged            |    16 |     3 ||    19
  Block: Other             |     2 |       ||     2

Table legend: (Time is in decaauts)
 A = Elapsed time spent in this place.
 B = Non-inter-level travel time spent in this place.
 C = Inter-level travel time spent in this place.
 D = Time resting spent in this place.
 E = Time spent auto-exploring this place.
 F = Levels seen in this place.
 G = Mean time per level.
                   A        B        C        D        E       F      G
               +--------+--------+--------+--------+--------+-----+--------+
         Total |   3594 |   3557 |     37 |   1086 |   2150 |   4 |  898.5 |
       Dungeon |   3594 |   3557 |     37 |   1086 |   2150 |   4 |  898.5 |
               +--------+--------+--------+--------+--------+-----+--------+

Top non-repeatable levels by time:
     D:1: 1300 daAuts
     D:2: 1154 daAuts
     D:3: 1031 daAuts
     D:4: 107 daAuts
